 Dungeon Crawl Stone Soup version 0.29-a0-233-g1125b37a9b (webtiles) character file.

Game seed: 16844587601644491149

105 brightshaft the Vandal (level 4, -1/23 HPs)
             Began as a Spriggan Hunter on Mar 1, 2022.
             Slain by a scorpion (3 damage)
             ... on level 3 of the Dungeon.
             The game lasted 00:04:15 (2358 turns).

brightshaft the Vandal (Spriggan Hunter)            Turns: 2358, Time: 00:04:16

Health: -1/23      AC:  9    Str:  8    XL:     4   Next: 53%
Magic:  5/5        EV: 15    Int: 12    God:
Gold:   115        SH:  0    Dex: 17    Spells: 3/3 levels left

rFire   . . .      SeeInvis +   a - +1 hunting sling
rCold   . . .      Faith    .   (no shield)
rNeg    + . .      Spirit   .   c - quicksilver dragon scales
rPois   .          Reflect  .   (helmet restricted)
rElec   .          Harm     .   (no cloak)
rCorr   .          Rampage  .   (gloves unavailable)
Will    +....                   (boots unavailable)
Stlth   ++........              (no amulet)
HPRegen 0.07/turn               l - ring of positive energy
MPRegen 0.09/turn               (no ring)

@: very quick
A: very small, no large weapons, unfitting armour, see invisible, speed 3
a: no special abilities


You were on level 3 of the Dungeon.
You visited 1 branch of the dungeon, and saw 3 of its levels.

You collected 115 gold pieces.

Inventory:

Hand Weapons
 a - a +1 hunting sling (weapon)
Missiles
 i - 5 curare-tipped darts
Armour
 b - a +0 robe
 c - quicksilver dragon scales (worn)
Jewellery
 l - a ring of positive energy (left hand)
 p - a ring of positive energy
Wands
 m - a wand of paralysis (6)
Scrolls
 g - 2 scrolls of identify {unknown}
 h - a scroll of blinking {unknown}
 j - a scroll of enchant weapon {unknown}
 k - a scroll of vulnerability {unknown}
 n - a scroll of fog {unknown}
 o - a scroll of teleportation {unknown}
Potions
 d - a potion of flight {unknown}
 e - a potion of haste {unknown}
 f - a potion of heal wounds {unknown}
 q - a potion of mutation {unknown}
 r - a potion of might {unknown}
 s - a potion of ambrosia {unknown}
 t - a potion of curing {unknown}
 u - a potion of resistance {unknown}


   Skills:
 + Level 2.2 Fighting
 * Level 5.9 Slings
 + Level 3.7 Dodging
 + Level 3.3 Stealth


You had 3 spell levels left.
You didn't know any spells.
Your spell library was empty.

Dungeon Overview and Level Annotations

Branches:
Dungeon (3/15)

Altars:


Innate Abilities, Weirdness & Mutations

You are very small and have problems with some larger weapons.
You are too small for most types of armour.
You have supernaturally acute eyesight. (SInv)
You cover ground extremely quickly. (Speed+++)


Message History

Aim: a scorpion (severely wounded, 62% to hit)
You shoot a sling bullet.
The sling bullet closely misses the scorpion.
You feel sick. The scorpion misses you. The scorpion stings you.
Fire: a) +1 hunting sling
Press: ? - help, Q - select action, (/) - cycle Shift-Dir - straight line, f/p - scorpion
Aim: a scorpion (severely wounded, 62% to hit)
You shoot a sling bullet. The sling bullet hits the scorpion.
The scorpion is severely wounded.
You feel sick. The scorpion barely misses you.
Fire: a) +1 hunting sling
Press: ? - help, Q - select action, (/) - cycle Shift-Dir - straight line, f/p - scorpion
Aim: a scorpion (severely wounded, 62% to hit)
You shoot a sling bullet.
The sling bullet barely misses the scorpion.
You feel sick.
You are no longer poisoned.
The scorpion stings you but does no damage.
The scorpion stings you.
* * * LOW HITPOINT WARNING * * *
Fire: a) +1 hunting sling
Press: ? - help, Q - select action, (/) - cycle Shift-Dir - straight line, f/p - scorpion
Aim: a scorpion (severely wounded, 62% to hit)
You shoot a sling bullet.
The sling bullet barely misses the scorpion.
The scorpion misses you. The scorpion closely misses you.
Fire: a) +1 hunting sling
Press: ? - help, Q - select action, (/) - cycle Shift-Dir - straight line, f/p - scorpion
Aim: a scorpion (severely wounded, 62% to hit)
You shoot a sling bullet.
The sling bullet closely misses the scorpion.
The scorpion misses you.
Fire: a) +1 hunting sling
Press: ? - help, Q - select action, (/) - cycle Shift-Dir - straight line, f/p - scorpion
Aim: a scorpion (severely wounded, 62% to hit)
You shoot a sling bullet.
The sling bullet hits the scorpion but does no damage.
The scorpion is severely wounded.
The scorpion stings you.
You die...

#.#..#.# +.†..#.#
#.####.##+#.#
#...........#
#.####.##'#.# #.#..#.#
+.+.(#.#
#.####.####.###
#.....@s......# #
#############.###.#####
#....>....# ###.#..##.#
#.# ..# ... ... #.#.
#.# #.##. # #.. <.


You could see a scorpion.

Vanquished Creatures
  4 gnolls (D:2)
  2 adders
  3 worms (D:2)
  An orc (D:3)
  7 endoplasms
  3 giant cockroaches
  2 goblins
  A hobgoblin (D:3)
  2 quokkas (D:2)
  4 ball pythons
  5 bats
  2 frilled lizards
  4 kobolds (D:1)
  A rat (D:3)
41 creatures vanquished.

Notes
Turn   | Place    | Note
-------+----------+-------------------------------------------
     0 | D:1      | brightshaft the Spriggan Hunter began the quest for the
                  | Orb.
     0 | D:1      | Reached XP level 1. HP: 10/10 MP: 2/2
   199 | D:1      | Reached skill level 5 in Slings
   492 | D:1      | Reached XP level 2. HP: 15/15 MP: 3/3
  1262 | D:2      | Found the +8 orange crystal plate armour {Archmagi, Int+3
                  | Clar}
  1454 | D:2      | Reached XP level 3. HP: 18/18 MP: 4/4
  1573 | D:2      | Reached XP level 4. HP: 16/23 MP: 5/5
  2075 | D:3      | Found Plog's Antique Armour Boutique.
  2331 | D:3      | Noticed a scorpion
  2358 | D:3      | Slain by a scorpion

Illustrated notes

Levels and vault maps discovered:
D:1:      ncdulo_halloftheorcs, layout_basic
D:2:      layout_loops_ring, serial_rivers, chequers_serial_rivers_micro_c,
          chequers_serial_rivers_micro_e, chequers_serial_rivers_micro_b,
          chequers_serial_rivers_micro_d, chequers_serial_rivers_large_a
D:3:      minmay_door_path, layout_loops_corners, gammafunk_ghost_arena,
          serial_shops, shop, shapermc_ecumenical_altar_rom_forum

Skill      XL: |  1  2  3 |
---------------+----------+-----
Slings         | 5 |  5.9
Stealth        | 2 3 |  3.3
Dodging        | 3 |  3.7
Fighting       | 2 |  2.2

Action                   |  1- 3 |  4- 6 || total
-------------------------+-------+-------++-------
 Fire: Hunting sling     |   116 |    55 ||   171
Armor: Quicksilver drago |    17 |    15 ||    32
Dodge: Dodged            |    46 |    31 ||    77

Table legend: (Time is in decaauts)
 A = Elapsed time spent in this place.
 B = Non-inter-level travel time spent in this place.
 C = Inter-level travel time spent in this place.
 D = Time resting spent in this place.
 E = Time spent auto-exploring this place.
 F = Levels seen in this place.
 G = Mean time per level.
                   A        B        C        D        E       F      G
               +--------+--------+--------+--------+--------+-----+--------+
         Total |   1866 |   1839 |     27 |      0 |   1487 |   3 |  622.0 |
       Dungeon |   1866 |   1839 |     27 |      0 |   1487 |   3 |  622.0 |
               +--------+--------+--------+--------+--------+-----+--------+

Top non-repeatable levels by time:
     D:2: 985 daAuts
     D:1: 647 daAuts
     D:3: 233 daAuts
